 Dungeon Crawl Stone Soup version 0.28-a0-1213-g0243856f03 (webtiles) character file.

Game seed: 12255412143668989151

291 leviel the Chopper (level 6, -11/53 HPs)
             Began as a Hill Orc Fighter on Dec 22, 2021.
             Mangled by a yak (14 damage)
             ... on level 5 of the Dungeon.
             The game lasted 00:03:42 (3791 turns).

leviel the Chopper (Hill Orc Fighter)               Turns: 3791, Time: 00:03:43

Health: -11/53     AC:  9    Str: 21    XL:     6   Next: 32%
Magic:  6/6        EV:  9    Int:  8    God:
Gold:   189        SH:  4    Dex: 10    Spells: 5/5 levels left

rFire   . . .      SeeInvis .   a - +0 war axe
rCold   . . .      Faith    .   c - +0 buckler
rNeg    . . .      Spirit   .   b - +0 scale mail
rPois   +          Reflect  .   (no helmet)
rElec   .          Harm     .   i - +1 cloak
rCorr   .          Rampage  .   (no gloves)
Will    .....                   (no boots)
Stlth   ..........              (no amulet)
HPRegen 0.17/turn               h - ring of poison resistance
MPRegen 0.10/turn               k - ring of flight

@: flying
A: no striking features
a: no special abilities


You were on level 5 of the Dungeon.
You visited 1 branch of the dungeon, and saw 5 of its levels.

You collected 189 gold pieces.

Inventory:

Hand Weapons
 a - a +0 war axe (weapon)
Armour
 b - a +0 scale mail (worn)
 c - a +0 buckler (worn)
 i - a +1 cloak (worn)
Jewellery
 h - a ring of poison resistance (left hand)
 k - a ring of flight (right hand)
Wands
 f - a wand of flame (34) (quivered)
Scrolls
 d - a scroll of noise {unknown}
 e - a scroll of identify {@r1}
 l - a scroll of teleportation
Potions
 g - a potion of brilliance
 j - a potion of curing {unknown}
 m - a potion of haste {unknown}


   Skills:
 + Level 4.7 Fighting
 * Level 5.6 Axes
 + Level 4.3 Armour
 + Level 4.3 Shields
 + Level 1.4 Evocations


You had 5 spell levels left.
You didn't know any spells.
Your spell library contained the following spells:

 Spells                   Type           Power      Damage    Failure   Level
 Passwall                 Tmut/Erth      0%         N/A       86%         2
 Swiftness                Air            0%         N/A       98%         3


Dungeon Overview and Level Annotations

Branches:
Dungeon (4/15)
 Temple: D:4-7

Altars:

Shops:
D:2 (


Message History

You hit the yak but do no damage.
The yak is heavily wounded.
The yak gores you!
You hit the yak but do no damage.
The yak is heavily wounded.
The yak gores you.
You hit the yak.
The yak is severely wounded.
The yak gores you!
* * * LOW HITPOINT WARNING * * *
The yak gores you but does no damage.
You hit the yak.
The yak is severely wounded.
The yak barely misses you.
You hit the yak.
The yak is almost dead.
The yak gores you!
* * * LOW HITPOINT WARNING * * *
You hit the yak.
The yak is almost dead.
The yak barely misses you.
You barely miss the yak.
The yak is almost dead.
The yak gores you.
* * * LOW HITPOINT WARNING * * *
You barely miss the yak.
The yak is almost dead.
The yak gores you.
* * * LOW HITPOINT WARNING * * *
The yak gores you but does no damage.
You closely miss the yak.
The yak is almost dead.
The yak barely misses you.
You closely miss the yak.
The yak is almost dead.
The yak barely misses you.
You barely miss the yak.
The yak is almost dead.
The yak gores you!
You die...

#.......##
#########.# #..
..##.# # #.#
#.##'## #.####.##
#.#...## ......#
#......##
##<#..###.......##
##................#
#....@Y...........+
##...#.##.........#
##.##.###.......##
## #.# ##.....##
#.# ##...## #.#
##+## #.# #.#


You could see a yak.

Vanquished Creatures
  Sigmund (D:3)
  Ijyb (D:2)
  4 adders
  2 worms (D:2)
  3 dart slugs
  An orc (D:3)
  7 bats
  9 endoplasms
  4 giant cockroaches
  4 hobgoblins
  4 jackals (D:3)
  A quokka (D:1)
  2 ball pythons
  3 frilled lizards
  11 goblins
  4 kobolds
  5 rats
66 creatures vanquished.

Notes
Turn   | Place    | Note
-------+----------+-------------------------------------------
     0 | D:1      | leviel the Hill Orc Fighter began the quest for the Orb.
     0 | D:1      | Reached XP level 1. HP: 19/19 MP: 1/1
   193 | D:1      | Reached skill level 3 in Axes
   193 | D:1      | Reached XP level 2. HP: 27/27 MP: 2/2
  1038 | D:2      | Reached XP level 3. HP: 33/33 MP: 3/3
  1251 | D:2      | Noticed Ijyb
  1270 | D:2      | Killed Ijyb
  1271 | D:2      | Reached skill level 4 in Axes
  1271 | D:2      | Reached XP level 4. HP: 17/40 MP: 4/4
  1548 | D:2      | Found a faded altar of an unknown god.
  2026 | D:2      | Found Fulop's Weapon Emporium.
  2687 | D:3      | Reached XP level 5. HP: 47/47 MP: 5/5
  2880 | D:3      | Noticed Sigmund
  2892 | D:3      | Killed Sigmund
  2893 | D:3      | Reached skill level 5 in Axes
  2893 | D:3      | Reached skill level 1 in Evocations
  2893 | D:3      | Reached XP level 6. HP: 39/53 MP: 6/6
  3736 | D:4      | You are sucked into a shaft and drop 1 floor!
  3736 | D:5      | Entered Level 5 of the Dungeon
  3747 | D:5      | Noticed a yak
  3788 | D:5      | HP: 2/53 [yak (1)]
  3791 | D:5      | Mangled by a yak

Illustrated notes

Levels and vault maps discovered:
D:1:      psy_arrival_fountain, layout_basic
D:2:      kennysheep_the_goblin_king, layout_loops_corners,
          hellmonk_ecumenical_altar_heavens_door, serial_shops, shop,
          grunt_ministairs_14
D:3:      layout_basic, uniq_sigmund
D:4:      layout_rooms, kennysheep_slug_shrine,
          mainiacjoe_overflow_cross_hatched, minmay_overflow_temple_hex,
          hangedman_minor_gate_pass, uniq_eustachio
D:5:      layout_loops_corners

Skill      XL: |  1  2  3  4  5 |
---------------+----------------+-----
Axes           | 3 4 5 |  5.6
Fighting       | 4 |  4.7
Shields        | 4 |  4.3
Armour         | 4 |  4.3
Evocations     | 1 |  1.4

Action                   |  1- 3 |  4- 6 || total
-------------------------+-------+-------++-------
Melee: War axe           |    67 |   138 ||   205
Evoke: Wand              |       |     3 ||     3
  Use: Scroll            |     2 |     3 ||     5
       Potion            |       |     1 ||     1
Armor: Scale mail        |    35 |    86 ||   121
Dodge: Dodged            |    32 |    56 ||    88
Block: Buckler           |    18 |    26 ||    44

Table legend: (Time is in decaauts)
 A = Elapsed time spent in this place.
 B = Non-inter-level travel time spent in this place.
 C = Inter-level travel time spent in this place.
 D = Time resting spent in this place.
 E = Time spent auto-exploring this place.
 F = Levels seen in this place.
 G = Mean time per level.
                   A        B        C        D        E       F      G
               +--------+--------+--------+--------+--------+-----+--------+
         Total |   3850 |   3781 |     69 |      0 |   3252 |   5 |  770.0 |
       Dungeon |   3850 |   3781 |     69 |      0 |   3252 |   5 |  770.0 |
               +--------+--------+--------+--------+--------+-----+--------+

Top non-repeatable levels by time:
     D:2: 1667 daAuts
     D:1: 1049 daAuts
     D:3: 982 daAuts
     D:4: 92 daAuts
     D:5: 58 daAuts
